 Dungeon Crawl Stone Soup version 0.20.0-8-g6b59dc7 (webtiles) character file.

11258 tyvekgp the Cruncher (level 11, -8/73 HPs)
             Began as a Gargoyle Gladiator on May 30, 2017.
             Was a High Priest of Trog.
             Engulfed by a cloud of flame (22 damage)
             ... in a volcano.
             The game lasted 00:23:10 (11155 turns).

tyvekgp the Cruncher (Gargoyle Gladiator)          Turns: 11155, Time: 00:23:10

Health: -8/73      AC: 26    Str: 26    XL:     11   Next: 74%
Magic:  11/11      EV: 11    Int:  9    God:    Trog [*****.]
Gold:   507        SH:  0    Dex: 11    Spells: 10/10 levels left

rFire    . . .     SeeInvis .   A - +0 quarterstaff (crush)
rCold    . . .     Gourm    .   (shield currently unavailable)
rNeg     + . .     Faith    .   y - +0 plate armour
rPois    ∞         Spirit   .   c - +0 helmet
rElec    +         Reflect  .   u - +0 cloak {MR+}
rCorr    .         Harm     .   C - +0 pair of gloves
MR       ++...                  q - +0 pair of boots
Stlth    ..........             g - amulet of regeneration
Regen    0.7/turn               E - +3 ring of evasion
MPRegen  0.2/turn               M - ring of protection from magic

@: mighty, berserk cooldown, slowed, very slow
A: negative energy resistance 1, electricity resistance, unbreathing,
petrification resistance, rot immunity, AC +7
a: Berserk, Trog's Hand, Brothers in Arms, Burn Spellbooks, Renounce Religion


You were in a volcano.
You worshipped Trog.
Trog was extremely pleased with you.
You were very hungry.

You visited 2 branches of the dungeon, and saw 11 of its levels.
You also visited: Sewer and Volcano.

You collected 739 gold pieces.
You spent 232 gold pieces at shops.


Innate Abilities, Weirdness & Mutations

You are resistant to torment.
Your stone body is resilient. (AC +7)
You are immune to poison.
You resist negative energy. (rN+)
You are resistant to electric shocks. (rElec)
You can survive without breathing.
You are immune to petrification.
You are immune to rotting.


   Skills:
 + Level 10.6 Fighting
 * Level 13.4 Staves
 - Level 1.7 Throwing
 + Level 8.7 Armour
 - Level 2.4 Dodging


You had 10 spell levels left.
You didn't know any spells.

Inventory:

Hand Weapons
 A - a +0 quarterstaff of crushing (weapon)
Missiles
 d - 5 throwing nets (quivered) {=f}
Armour
 c - a +0 helmet (worn)
 q - a +0 pair of boots (worn)
 u - a +0 cloak of magic resistance (worn)
 y - a +0 plate armour (worn)
 C - a +0 pair of gloves (worn)
Jewellery
 g - an amulet of regeneration (around neck)
 E - a +3 ring of evasion (left hand)
 L - an uncursed ring of flight
 M - a ring of protection from magic (right hand)
 S - a +2 ring of strength
Wands
 r - a wand of iceblast (8/15)
 s - a wand of lightning (8/15)
 w - a wand of digging (15/24)
Scrolls
 a - 3 scrolls of identify {@r1}
 i - 9 scrolls of remove curse {@r2}
 l - 3 scrolls of blinking
 o - 4 scrolls of teleportation {@r4}
 p - a scroll of fog
 t - a scroll of immolation {unknown}
 v - a scroll of recharging
 z - 2 scrolls of enchant weapon {unknown}
Potions
 b - a potion of mutation {!q}
 j - 3 potions of curing {@q1}
 m - 3 potions of agility
 x - 3 potions of brilliance
 D - a potion of magic {unknown}
 G - a potion of haste {unknown}
 H - a potion of ambrosia {unknown}
Comestibles
 f - 7 bread rations {@e1}
 h - 5 royal jellies {@e3}
 k - 7 meat rations {@e1}
 B - a fruit {@e2}
 F - 5 chunks of flesh

Dungeon Overview and Level Annotations

Branches:
Dungeon (10/15)            Temple (0/1) D:7            Lair (0/6) D:8
    Orc (1/2) D:9

Altars:
Cheibriados
Fedhas
Hepliaklqana
Makhleb
Nemelex Xobeh
Okawaru
Sif Muna
Trog
Uskayaw
Yredelemnul

Shops:
D:4 %   D:6 [ D:10

% §§§§§§§§≈≈§§§§≈#≈
§#§§≈#§§≈#§§§#§§≈≈≈
≈§§§§§§§§§§≈≈≈§§≈≈≈
§§≈≈§§§§§§≈§§§≈§§≈§
≈≈§≈§≈≈≈≈§§≈§≈≈≈≈≈§
≈≈§§§≈§§§≈§§≈§§§§§§§
≈.§§§§§§§≈§≈§§.§≈≈§§
.§§.§§§§§@§..§§.#
##§##§§§#####..§####
##.## ##..##.## #.
#..#.#∩# #. #..#.#∩#
#. ##..#'### ..
##+##....##
...........##
≈.≈≈≈.≈.≈≈≈≈≈≈≈≈


There were no monsters in sight!


Message History

You sock the two-headed ogre!
The two-headed ogre is severely wounded.
You sock the two-headed ogre!
The two-headed ogre is almost dead.
The two-headed ogre hits you with a giant club of flaming.
* * * LOW HITPOINT WARNING * * *
The two-headed ogre burns you.
* * * LOW HITPOINT WARNING * * *
The two-headed ogre barely misses you.
You bludgeon the two-headed ogre!!
You kill the two-headed ogre!
Trog accepts your kill.
The centaur shoots an arrow.
The arrow misses you.
You bludgeon the centaur!!
You kill the centaur!
Trog accepts your kill.
Items here: ( ))))) ††† The air gets thick with the scent of sulphur.
Items here: ( ))))) ††† Butcher a two-headed ogre corpse? [(y)es/(c)hoosy/(n)o/(a)ll/(e)dible/(q)uit/?]
You butcher the two-headed ogre corpse.
You butcher the centaur corpse.
In the distance, the volcano erupts with a roar.
You are engulfed in blazing flames.
You stop butchering the corpse.
* * * LOW HITPOINT WARNING * * *
Unknown command.
Things that are here:
3 arrows; a great mace of flaming; a giant club You feel better.
You are engulfed in blazing flames.
You die...

Skill      XL: |  1  2  3  4  5  6  7  8  9 10 11 |
---------------+----------------------------------+-----
Fighting       | 3 4 6 7 8 9 10 | 10.6
Staves         | 4 5 6 8 9 11 12 13 | 13.4
Armour         | 2 5 7 8 |  8.7
Throwing       | |  1.7
Dodging        | |  2.4

Action                   |  1- 3 |  4- 6 |  7- 9 | 10-12 || total
-------------------------+-------+-------+-------+-------++-------
Melee: Quarterstaff      |   105 |   202 |   751 |   386 ||  1444
Throw: Throwing net      |       |       |     5 |       ||     5
Invok: Trog's Hand       |       |       |     2 |     3 ||     5
       Berserk           |       |       |     1 |     2 ||     3
  Use: Scroll            |     1 |     7 |     2 |    10 ||    20
       Potion            |       |       |       |     3 ||     3
 Stab: Invisible         |       |       |     2 |       ||     2
  Eat: Chunk             |     1 |     7 |    14 |    11 ||    33
       Bread ration      |       |       |     1 |       ||     1
Armor: Leather armour    |    57 |    94 |   155 |       ||   306
       Chain mail        |       |       |   246 |       ||   246
       Plate armour      |       |       |   103 |   232 ||   335
Dodge: Dodged            |    69 |   137 |   491 |   175 ||   872

Vault maps used:
D:1:      doesnt_arrival_eight_statues, hangedman_abyss_or_decor_stabs
D:2:      gammafunk_temple_overflow_wave, st_stairs_4
D:3:      tgw_trog, uniq_grinder
D:4:      gammafunk_temple_overflow_forgotten, marbit_many_paths,
          gammafunk_temple_overflow_pools, serial_shops, nicolae_shop_stone,
          portal_sewer_entry_f, makhleb_heckhound_becter, uniq_sigmund
D:5:      lemuel_doored_altar, first_bread, uniq_eustachio, uniq_duvessa
D:6:      serial_shops, shop, okawaru_gym_becter
D:7:      temple_statues
D:8:      lemuel_zombie_altar_yredelemnul, lair_entry_dummy
D:9:      orc_0_dummy
D:10:     serial_shops, nicolae_shop_temple_entry_statues_fountains,
          grunt_ogre_cave, uniq_grum
Orc:1:    nicolae_volcano_entry_vermiform
Sewer:    sewer_frog_island_02
Volcano:  volcano_village

Notes
Turn   | Place    | Note
-------+----------+-------------------------------------------
     0 | D:1      | tyvekgp the Gargoyle Gladiator began the quest for the Orb.
     0 | D:1      | Reached XP level 1. HP: 12/12 MP: 1/1
    68 | D:1      | Reached XP level 2. HP: 13/18 MP: 2/2
   458 | D:1      | Reached skill level 3 in Fighting
   527 | D:1      | Reached XP level 3. HP: 15/23 MP: 3/3
  1117 | D:2      | Reached skill level 4 in Staves
  1297 | D:2      | Reached XP level 4. HP: 28/28 MP: 4/4
  1410 | D:2      | Found a blossoming altar of Fedhas.
  1410 | D:2      | Found an iron altar of Okawaru.
  1850 | D:3      | Noticed Grinder
  1850 | D:3      | Paralysed by Grinder for 3 turns
  1881 | D:3      | Killed Grinder
  1881 | D:3      | Reached skill level 4 in Fighting
  1881 | D:3      | Reached skill level 5 in Staves
  1881 | D:3      | Reached XP level 5. HP: 13/34 MP: 5/5
  1881 | D:3      | Reached XP level 6. HP: 15/39 MP: 6/6
  2210 | D:3      | Noticed a moth of wrath
  2213 | D:3      | Found a bloodstained altar of Trog.
  2236 | D:3      | Became a worshipper of Trog the Wrathful
  2633 | D:3      | Reached skill level 6 in Staves
  3161 | D:4      | Found a snail-covered altar of Cheibriados.
  3161 | D:4      | Found a sparkling altar of Nemelex Xobeh.
  3162 | D:4      | Found a bloodstained altar of Trog.
  3181 | D:4      | Found a burning altar of Makhleb.
  3333 | D:4      | Found a glowing drain.
  3343 | D:4      | Reached * piety under Trog
  3363 | Sewer    | Entered a sewer
  3418 | Sewer    | Reached XP level 7. HP: 9/44 MP: 7/7
  4081 | Sewer    | Reached ** piety under Trog
  4099 | Sewer    | Reached skill level 5 in Fighting
  4345 | D:4      | Noticed Chikkuri's ghost (amateur MfTm)
  4363 | D:4      | Killed Chikkuri's ghost
  4363 | D:4      | Reached skill level 7 in Staves
  4451 | D:4      | Noticed Sigmund
  4465 | D:4      | Killed Sigmund
  4465 | D:4      | Reached skill level 6 in Fighting
  4465 | D:4      | Reached skill level 8 in Staves
  4465 | D:4      | Reached XP level 8. HP: 37/51 MP: 8/8
  4652 | D:4      | Found a hide-covered altar of Uskayaw.
  4811 | D:4      | Found a hazy altar of Hepliaklqana.
  4811 | D:4      | Found a burning altar of Makhleb.
  4885 | D:4      | Found Lets's Food Boutique.
  5171 | D:5      | Entered Level 5 of the Dungeon
  5448 | D:5      | Reached skill level 1 in Armour
  5561 | D:5      | Found a deep blue altar of Sif Muna.
  5586 | D:5      | Noticed Duvessa
  5586 | D:5      | Noticed Dowan
  5609 | D:5      | Killed Duvessa
  5641 | D:5      | Killed Dowan
  5641 | D:5      | Reached skill level 9 in Staves
  5641 | D:5      | Reached skill level 2 in Armour
  5739 | D:5      | Reached *** piety under Trog
  5959 | D:5      | Noticed Eustachio
  6081 | D:5      | Killed Eustachio
  6081 | D:5      | Reached skill level 7 in Fighting
  6081 | D:5      | Reached XP level 9. HP: 51/57 MP: 9/9
  6275 | D:5      | Reached skill level 3 in Armour
  6387 | D:6      | Found an iron altar of Okawaru.
  6484 | D:6      | Reached skill level 4 in Armour
  6574 | D:6      | Reached skill level 10 in Staves
  7031 | D:6      | Found Ulez's Antique Armour Shoppe.
  7039 | D:6      | Bought a glowing scarf for 232 gold pieces
  7528 | D:7      | Reached skill level 8 in Fighting
  7627 | D:7      | Reached **** piety under Trog
  7766 | D:7      | Reached skill level 5 in Armour
  7964 | D:7      | Found a staircase to the Ecumenical Temple.
  8272 | D:8      | Noticed dialectric's ghost (novice VSCK)
  8341 | D:8      | Killed dialectric's ghost
  8341 | D:8      | Reached skill level 11 in Staves
  8341 | D:8      | Reached XP level 10. HP: 65/65 MP: 10/10
  8513 | D:8      | Found a staircase to the Lair.
  8622 | D:8      | Reached skill level 6 in Armour
  9181 | D:8      | Found a basalt altar of Yredelemnul.
  9339 | D:9      | Reached skill level 9 in Fighting
  9345 | D:9      | Got a twisted spear
  9346 | D:9      | Identified the cursed +1 spear of Dishonour {freeze, rPois} (You found it on level 9 of the Dungeon)
  9667 | D:9      | Found a staircase to the Orcish Mines.
 10247 | D:10     | Entered Level 10 of the Dungeon
 10287 | D:10     | Noticed a two-headed ogre
 10294 | D:10     | Killed a two-headed ogre
 10294 | D:10     | Reached skill level 12 in Staves
 10294 | D:10     | Reached skill level 7 in Armour
 10456 | D:10     | Found Seab Led's Food Shoppe.
 10492 | D:10     | Reached XP level 11. HP: 65/72 MP: 11/11
 10663 | D:10     | Noticed Grum
 10691 | D:10     | Killed Grum
 10912 | Orc:1    | Entered Level 1 of the Orcish Mines
 11031 | Orc:1    | Found a dark tunnel.
 11031 | Orc:1    | Noticed a lindwurm
 11046 | Orc:1    | Killed a lindwurm
 11046 | Orc:1    | Reached skill level 10 in Fighting
 11081 | Volcano  | Entered a volcano
 11095 | Volcano  | Noticed a two-headed ogre
 11098 | Volcano  | Noticed a two-headed ogre
 11110 | Volcano  | Killed a two-headed ogre
 11110 | Volcano  | Reached skill level 8 in Armour
 11114 | Volcano  | Noticed a two-headed ogre
 11115 | Volcano  | Killed a two-headed ogre
 11115 | Volcano  | Reached skill level 13 in Staves
 11117 | Volcano  | Noticed a two-headed ogre
 11119 | Volcano  | Noticed a salamander
 11122 | Volcano  | Killed a two-headed ogre
 11137 | Volcano  | Killed a salamander
 11137 | Volcano  | Reached ***** piety under Trog
 11141 | Volcano  | HP: 7/73 [two-headed ogre/giant club of flaming (14)]
 11147 | Volcano  | Killed a two-headed ogre
 11153 | Volcano  | HP: 4/73 [something (16)]
 11155 | Volcano  | Engulfed by a cloud of flame

Vanquished Creatures
  5 two-headed ogres
  The ghost of dialectric the Carver, a novice VSCK of Xom (D:8)
  A lindwurm (Orc:1)
  A salamander (Volcano)
  2 trolls
  Grinder (D:3)
  The ghost of Chikkuri the Changer, an amateur MfTm (D:4)
  Sigmund (D:4)
  A meliai zombie (D:10)
  3 yaks (D:9)
  Eustachio (D:5)
  2 fire bats (Volcano)
  Grum (D:10)
  A hell hound (Volcano)
  Duvessa (D:5)
  4 ice beasts
  4 orc warriors
  3 sky beasts
  2 ogres
  2 phantoms
  3 wolves (D:10)
  6 centaurs
  2 bullfrogs
  A gnoll sergeant (D:9)
  Dowan (D:5)
  2 scorpions
  A water moccasin skeleton (D:6)
  5 wights
  7 howler monkeys
  A bullfrog zombie (D:6)
  A centaur zombie (D:5)
  8 hounds
  3 jellies
  5 orc priests
  A bullfrog skeleton (D:5)
  A centaur skeleton (D:10)
  8 orc wizards
  2 iguanas
  6 worker ants
  A hound skeleton (D:7)
  A howler monkey zombie (D:6)
  A worker ant zombie (D:5)
  3 gnolls (D:9)
  12 adders
  3 shadow imps
  11 oozes
  2 dart slugs
  A worm (D:2)
  11 leopard geckos
  42 orcs
  6 bats
  25 giant cockroaches
  9 goblins
  5 hobgoblins
  10 jackals
  5 kobolds
  3 quokkas
  6 ball pythons (Sewer)
  16 frilled lizards
  A giant cockroach zombie (D:6)
  2 gnoll zombies (D:8)
  A leopard gecko skeleton (D:3)
  A quokka skeleton (D:5)
  9 rats
289 creatures vanquished.
